 Dungeon Crawl Stone Soup version 0.29-a0-414-g5075937ec3 (webtiles) character file.

Game seed: 7412805561247978981

2293 siradein the Summoner (level 9, 0/62 HPs)
             Began as a Yellow Draconian Summoner on May 15, 2022.
             Slain by a killer bee (6 damage)
             ... on level 7 of the Dungeon.
             The game lasted 00:13:03 (7693 turns).

siradein the Summoner (Yellow Draconian Summoner)   Turns: 7693, Time: 00:13:04

Health: 0/62       AC: 10    Str: 11    XL:     9   Next: 17%
Magic:  20/21      EV: 11    Int: 19    God:
Gold:   72         SH:  3    Dex: 12    Spells: 14/24 levels left

rFire   . . .      SeeInvis +   C - +1 flail (protect)
rCold   . . .      Faith    .   e - +0 buckler
rNeg    . . .      Spirit   .   (body armour unavailable)
rPois   .          Reflect  .   (helmet restricted)
rElec   .          Harm     .   y - +0 cloak
rCorr   +          Rampage  .   A - +0 pair of gloves {Stlth+}
Will    .....                   w - +0 pair of boots
Stlth   +++.......              (no amulet)
HPRegen 0.20/turn               B - ring of see invisible
MPRegen 0.17/turn               (no ring)

@: no status effects
A: spit acid, AC +7, unfitting armour, cold-blooded, acid resistance
a: Breathe Acid


You were on level 7 of the Dungeon.
You visited 1 branch of the dungeon, and saw 7 of its levels.

You collected 274 gold pieces.
You spent 202 gold pieces at shops.

Inventory:

Hand Weapons
 s - a +1 scimitar of venom
 C - a +1 flail of protection (weapon)
Armour
 e - a +0 buckler (worn)
 w - a +0 pair of boots (worn)
 y - a +0 cloak (worn)
 A - a +0 pair of gloves of stealth (worn)
Magical Staves
 q - a staff of cold
Jewellery
 B - a ring of see invisible (left hand)
Wands
 m - a wand of charming (13)
 o - a wand of mindburst (16)
Scrolls
 d - 2 scrolls of teleportation {unknown}
 f - 2 scrolls of amnesia {unknown}
 h - a scroll of magic mapping {unknown}
 i - 3 scrolls of fog
 k - a scroll of blinking
 l - 2 scrolls of noise {unknown}
 n - a scroll of silence {unknown}
 p - a scroll of poison {unknown}
 r - a scroll of summoning {unknown}
 t - a scroll of acquirement {unknown}
 x - a scroll of immolation {unknown}
 z - a scroll of enchant weapon {unknown}
 D - a scroll of brand weapon {unknown}
Potions
 a - 3 potions of magic
 b - 4 potions of invisibility
 c - a potion of haste
 g - 2 potions of mutation
 j - a potion of brilliance {unknown}
 u - 2 potions of flight
 v - a potion of curing


   Skills:
 - Level 1.7 Dodging
 - Level 1.7 Stealth
 + Level 8.2 Spellcasting
 + Level 9.6 Summonings


You had 14 spell levels left.
You knew the following spells:

 Your Spells              Type           Power      Damage    Failure   Level
a - Summon Small Mammal   Summ           100%       N/A       1%          1
b - Call Imp              Summ           44%        N/A       1%          2
c - Call Canine Familiar  Summ           44%        N/A       1%          3
d - Summon Lightning Spi  Summ/Air       26%        N/A       17%         4

Your spell library contained the following spells:

 Spells                   Type           Power      Damage    Failure   Level
 Summon Guardian Golem    Hex/Summ       26%        N/A       4%          3
 Animate Skeleton         Necr           14%        N/A       12%         1
 Apportation              Tloc           14%        N/A       12%         1
 Gell's Gravitas          Tloc           7%         N/A       36%         3
 Lesser Beckoning         Tloc           7%         N/A       36%         3
 Mephitic Cloud           Conj/Pois/Air  7%         N/A       36%         3
 Teleport Other           Tloc           7%         N/A       36%         3
 Leda's Liquefaction      Hex/Erth       3%         N/A       77%         4
 Statue Form              Tmut/Erth      4%         N/A       100%        6


Dungeon Overview and Level Annotations

Branches:
Dungeon (7/15)             Temple (0/1) D:7

Altars:
Xom

Shops:
D:4 *   D:5 [


Innate Abilities, Weirdness & Mutations

You can spit globs of acid.
Your golden yellow scales are hard. (AC +7)
You cannot fit into any form of body armour.
You are cold-blooded and may be slowed by cold attacks.
You are resistant to acid. (rCorr)


Message History

Your wolf barely misses the killer bee.
The killer bee misses your wolf.
Your wolf closely misses the killer bee.
The killer bee barely misses your wolf. The killer bee stings your wolf!
Your wolf dies!
Your wolf's corpse disappears in a puff of smoke!
You miss the killer bee.
The killer bee is severely wounded.
The killer bee stings you.
* * * LOW HITPOINT WARNING * * *
You are poisoned.
The killer bee poisons you! You block the killer bee's attack.
The killer bee completely misses you.
You barely miss the killer bee.
The killer bee is severely wounded.
You feel sick.
The killer bee stings you but does no damage.
The killer bee closely misses you. The killer bee barely misses you.
Unknown command.
You miss the killer bee.
The killer bee is severely wounded.
You have got your breath back.
You feel sick. The killer bee barely misses you.
You block the killer bee's attack. The killer bee stings you.
* * * LOW HITPOINT WARNING * * *
Unknown command.
You closely miss the killer bee.
The killer bee is severely wounded.
You feel sick. The killer bee barely misses you.
You block the killer bee's attack.
The killer bee stings you but does no damage.
Unknown command.
You feel better. The killer bee stings you.
* * * LOW HITPOINT WARNING * * *
The killer bee closely misses you.
You completely miss the killer bee.
The killer bee is severely wounded.
The killer bee stings you but does no damage.
The killer bee stings you.
You die...

.....≈≈≈≈≈..# #...§§§..#
###.#.#### #.#†# #.#.#
#.#.# #.#†# ##.#y#######
############...@.......
##...............#######
........###...........
##.###...##.#.######.#
#..........#.#
#.###...####.# #.# ##.##
#.# #.# #.# #.# #.. ...
..>


You could see a killer bee.

Vanquished Creatures
  Grinder (D:4)
  2 black bears
  An orc warrior (D:6)
  A sky beast (D:6)
  An ogre (D:6)
  A phantom (D:7)
  A necrophage (D:4)
  A scorpion (D:6)
  3 wights (D:5)
  A killer bee (D:7)
  2 hounds (D:5)
  2 orc priests
  2 jellies
  3 iguanas
  An orc wizard (D:6)
  4 adders
  A white imp (D:6)
  An ufetubus (D:4)
  4 worms
  2 dart slugs
  5 orcs
  9 ball pythons
  6 endoplasms
  9 goblins
  9 hobgoblins
  5 bats
  3 frilled lizards
  6 kobolds
  4 rats
91 creatures vanquished.

Vanquished Creatures (collateral kills)
  A sky beast (D:6)
  An orc warrior (D:6)
  An ogre (D:5)
  A bullfrog (D:7)
  A necrophage (D:6)
  A scorpion (D:6)
  2 wights (D:5)
  A killer bee (D:7)
  A hound (D:6)
  2 orc priests
  2 iguanas
  2 orc wizards (D:6)
  2 adders (D:2)
  A shadow imp (D:6)
  2 worms
  5 orcs
  2 endoplasms
  A goblin (D:3)
  3 hobgoblins
  3 kobolds
  A quokka (D:3)
  2 ball pythons (D:1)
  4 bats
  A frilled lizard (D:1)
43 creatures vanquished.

Grand Total: 134 creatures vanquished

Notes
Turn   | Place    | Note
-------+----------+-------------------------------------------
     0 | D:1      | siradein the Draconian Summoner began the quest for the
                  | Orb.
     0 | D:1      | Reached XP level 1. HP: 14/14 MP: 3/3
   250 | D:1      | Reached XP level 2. HP: 20/20 MP: 3/5
   262 | D:1      | Learned a level 2 spell: Call Imp
   397 | D:1      | Got the Grimoire of the Floating Mountains
   885 | D:1      | Reached XP level 3. HP: 24/26 MP: 5/7
   952 | D:1      | Learned a level 3 spell: Call Canine Familiar
  1889 | D:2      | Reached XP level 4. HP: 32/33 MP: 5/8
  2532 | D:3      | Reached skill level 5 in Summonings
  3523 | D:4      | Noticed a black bear
  3526 | D:4      | Noticed a black bear
  3536 | D:3      | Killed a black bear
  3537 | D:3      | Reached XP level 5. HP: 16/38 MP: 2/11
  3778 | D:4      | Killed a black bear
  3779 | D:4      | Reached skill level 6 in Summonings
  3779 | D:4      | Reached XP level 6. HP: 34/45 MP: 6/12
  3784 | D:4      | Learned a level 4 spell: Summon Lightning Spire
  3926 | D:4      | Noticed Grinder
  3949 | D:4      | Killed Grinder
  3950 | D:4      | Reached skill level 5 in Spellcasting
  4199 | D:4      | Your scales start taking on a golden yellow colour.
  4199 | D:4      | Reached XP level 7. HP: 43/50 MP: 12/14
  4199 | D:4      | Gained mutation: You are resistant to acid. (rCorr) [Yellow
                  | Draconian growth]
  4410 | D:4      | Found Loyrorocre's Mayhem Merchandise.
  4588 | D:4      | Identified the +2 robe "Duyd" {rElec rC+}
  4931 | D:5      | Entered Level 5 of the Dungeon
  4951 | D:5      | Reached skill level 7 in Summonings
  5340 | D:5      | Reached XP level 8. HP: 57/57 MP: 13/17
  5584 | D:5      | Found Peott's Antique Armour Emporium.
  5614 | D:5      | Bought a pair of embroidered gloves for 202 gold pieces
  5913 | D:6      | Reached skill level 8 in Summonings
  6019 | D:6      | Found a shimmering altar of Xom.
  6078 | D:6      | HP: 4/85 [poisoned by an orc warrior]
  6612 | D:6      | Reached skill level 9 in Summonings
  7095 | D:6      | Reached XP level 9. HP: 62/62 MP: 17/20
  7659 | D:7      | Found a staircase to the Ecumenical Temple.
  7690 | D:7      | HP: 3/62 [killer bee (2)]
  7693 | D:7      | Slain by a killer bee

Illustrated notes

Levels and vault maps discovered:
D:1:      tarquinn_simple_flora_water_c, layout_basic, roderic_serpentine_path,
          minmay_misc_feat_alley, minmay_misc_feat_plants
D:2:      layout_basic
D:3:      layout_basic
D:4:      layout_loops_ring, minmay_shop_mayhem, chequers_avenue,
          amcnicky_mini_corridor_feature, small_statue_intersection,
          uniq_grinder
D:5:      layout_cave_pools, serial_shops, shop_statue
D:6:      layout_gridville, xom_confusion_cloud
D:7:      layout_loops_ring, minmay_temple_entry_mist, kennysheep_diamond,
          uniq_pikel

Skill      XL: |  1  2  3  4  5  6  7  8  9 |
---------------+----------------------------+-----
Spellcasting   | 3 4 5 6 7 8 |  8.2
Summonings     | 5 6 7 9 |  9.6
Dodging        | |  1.7
Stealth        | |  1.7

Action                   |  1- 3 |  4- 6 |  7- 9 || total
-------------------------+-------+-------+-------++-------
Melee: Club              |    47 |       |       ||    47
       Unarmed           |     2 |       |       ||     2
       Short sword       |    60 |     9 |       ||    69
       Tailslap          |    11 |    10 |    20 ||    41
       Dagger            |       |    30 |    46 ||    76
       Quarterstaff      |       |    46 |    27 ||    73
       Punch             |       |     1 |       ||     1
       Scimitar          |       |       |    26 ||    26
       Flail             |       |       |    23 ||    23
 Cast: Summon Small Mamm |    19 |       |       ||    19
       Call Imp          |     8 |    13 |    11 ||    32
       Call Canine Famil |       |     4 |    19 ||    23
 Abil: Breathe Acid      |       |       |    19 ||    19
  Use: Scroll            |       |     1 |     8 ||     9
       Potion            |       |       |     2 ||     2
 Stab: Distracted        |       |     1 |     1 ||     2
       Sleeping          |       |     1 |       ||     1
Armor: Skin              |    41 |    27 |    70 ||   138
Dodge: Dodged            |    85 |    65 |    83 ||   233
Block: Buckler           |       |       |    14 ||    14

Table legend: (Time is in decaauts)
 A = Elapsed time spent in this place.
 B = Non-inter-level travel time spent in this place.
 C = Inter-level travel time spent in this place.
 D = Time resting spent in this place.
 E = Time spent auto-exploring this place.
 F = Levels seen in this place.
 G = Mean time per level.
                   A        B        C        D        E       F      G
               +--------+--------+--------+--------+--------+-----+--------+
         Total |   7758 |   7597 |    161 |    510 |   5797 |   7 | 1108.3 |
       Dungeon |   7758 |   7597 |    161 |    510 |   5797 |   7 | 1108.3 |
               +--------+--------+--------+--------+--------+-----+--------+

Top non-repeatable levels by time:
     D:6: 1408 daAuts
     D:1: 1402 daAuts
     D:4: 1233 daAuts
     D:3: 1208 daAuts
     D:2: 1127 daAuts
     D:5: 1091 daAuts
     D:7: 286 daAuts
